 Dungeon Crawl Stone Soup version 0.32-a0-815-g315f82d515 (webtiles) character file.

Game seed: 13812913978375512407

88244 Kenran the Brawler (level 15, -1/144 HPs)
             Began as a Minotaur Alchemist on Mar 23, 2024.
             Was the Champion of Wu Jian.
             Slain by Kirke (11 damage)
             ... on level 15 of the Dungeon.
             The game lasted 00:47:42 (22749 turns).

Kenran the Brawler (Minotaur Alchemist)            Turns: 22749, Time: 00:47:43

Health: -1/144     AC:  0    Str: 19    XL:     15   Next: 46%
Magic:  16/16      EV: 15    Int: 12    God:    Wu Jian [******]
Gold:   1875       SH:  0    Dex: 12    Spells: 15/16 levels left

rFire   . .          .
                       - Unarmed
rCold   . . .        G - melded +0 buckler
rNeg    . . .        e - melded +3 gold dragon scales
rPois   .            (helmet currently unavailable)
rElec   .            M - melded +2 cloak {rCorr}
rCorr   .            N - melded +1 pair of gloves
SInv    .            L - melded +0 pair of boots {rampage}
Will    +....        j - amulet of regeneration
Stlth   ++           h - melded ring of flight
HPRegen 1.24/turn    n - melded ring of poison resistance
MPRegen 0.15/turn

%: no passive effects
@: about to teleport, pig-form, slowed
A: fast, no casting, small, (horns 2), (retaliatory headbutt)
a: Renounce Religion, Wall Jump, Serpent's Lash, Heavenly Storm


You were on level 15 of the Dungeon.
You worshipped Wu Jian.
Wu Jian was exalted by your worship.
You were a filthy swine.
You visited 3 branches of the dungeon, and saw 22 of its levels.
You also visited: Bailey.

You collected 3117 gold pieces.
You spent 1242 gold pieces at shops.

Inventory:

Missiles
 s - 6 throwing nets
Armour
 e - +3 gold dragon scales (melded)
 G - a +0 buckler (melded)
 L - a +0 pair of boots of rampaging (melded)
 M - a +2 cloak of preservation (melded)
 N - a +1 pair of gloves (melded)
Jewellery
 h - a ring of flight (melded)
 j - an amulet of regeneration (around neck)
 n - a ring of poison resistance (melded)
 A - a ring of protection from cold
 C - a ring of protection from fire
 J - a ring of positive energy
 Q - the ring of Doegh {rPois Int+3 Dex+2 SInv}
   (You found it on level 11 of the Dungeon)

   [ring of see invisible]

   Int+3:     It affects your intelligence (+3).
   Dex+2:     It affects your dexterity (+2).
   rPois:     It protects you from poison.
   SInv:      It lets you see invisible.
Wands
 r - a wand of quicksilver (18)
 u - a wand of paralysis (18)
 y - a wand of iceblast (26)
 z - a wand of digging (10)
 I - a wand of polymorph (5)
Scrolls
 a - 7 scrolls of enchant weapon
 g - 3 scrolls of revelation
 i - 4 scrolls of teleportation
 k - 5 scrolls of poison {!r}
 l - a scroll of fog
 m - 5 scrolls of amnesia
 x - a scroll of immolation {!r}
 D - a scroll of summoning
 K - a scroll of silence
Potions
 b - 4 potions of magic
 c - a potion of curing {@q1}
 d - 2 potions of resistance
 f - 2 potions of haste
 o - 3 potions of cancellation
 q - 2 potions of berserk rage {!q}
 t - 3 potions of might {unknown}
 v - 3 potions of brilliance {unknown}
 w - 3 potions of mutation {unknown}
 E - 6 potions of enlightenment {unknown}
 F - 3 potions of ambrosia {unknown}
 H - a potion of heal wounds {unknown}
 O - a potion of attraction {!q}
Miscellaneous
 p - a sack of spiders
 B - a lightning rod (4/4)


   Skills:
 - Level 16.0 Fighting
 + Level 16.3 Armour
 - Level 5.0 Dodging
 - Level 1.5 Stealth
 - Level 5.0 Shields
 + Level 20.2 Unarmed Combat
 - Level 1.3 Spellcasting
 - Level 0.6 Conjurations
 - Level 2.1 Alchemy
 + Level 4.1 Evocations


You had 15 spell levels left.
You knew the following spells:

 Your Spells              Type           Power      Damage    Failure   Level
a - Sting                 Conj/Alch      16%        1d4       17%         1

Your spell library contained the following spells:

 Spells                   Type           Power      Damage    Failure   Level
 Kiss of Death            Conj/Necr      4%         2d5       26%         1
 Shock                    Conj/Air       4%         1d3       26%         1
 Sandblast                Erth           0%         2d4       28%         1
 Mercury Vapours          Alch/Air       6%         N/A       28%         2
 Cigotuvi's Dreadful Rot  Necr/Alch/Air  4%         N/A       32%         2
 Mephitic Cloud           Conj/Alch/Air  3%         N/A       52%         3
 Stone Arrow              Conj/Erth      2%         3d7       61%         3
 Confusing Touch          Hex            0%         N/A       65%         3
 Fugue of the Fallen      Necr           0%         N/A       65%         3
 Inner Flame              Hex/Fire       0%         N/A       65%         3
 Ozocubu's Armour         Ice            0%         N/A       65%         3
 Swiftness                Air            0%         N/A       65%         3
 Olgreb's Toxic Radiance  Alch           6%         N/A       75%         4
 Ignite Poison            Fire/Alch      3%         N/A       88%         4
 Sticky Flame             Fire/Alch      3%         2d4       88%         4
 Brom's Barrelling Bould  Conj/Erth      1%         2d3       95%         4
 Flame Wave               Conj/Fire      1%         2d4       95%         4
 Airstrike                Air            0%         2d(0-16)  96%         4
 Anguish                  Hex/Necr       0%         N/A       96%         4
 Cause Fear               Hex            0%         N/A       96%         4
 Dispel Undead            Necr           0%         3d6       96%         4
 Manifold Assault         Tloc           0%         N/A       96%         4
 Martyr's Knell           Necr/Summ      0%         N/A       96%         4
 Freezing Cloud           Conj/Ice/Air   0%         6-21      100%        5
 Enfeeble                 Hex            0%         N/A       100%        7


Dungeon Overview and Level Annotations

Branches:
Dungeon (15/15)            Temple (0/1) D:4            Lair (5/5) D:10
  Swamp (0/4) Lair:3       Spider (0/4) Lair:3        Slime (0/5) Lair:5
    Orc (2/2) D:12            Elf (0/3) Orc:2        Vaults (0/5) D:14
 Depths (0/4) D:15         Bailey (visited)

Altars:
Elyvilon
Fedhas
Gozag
Qazlal
Ru
Sif Muna
Trog
Wu Jian
Xom
Yredelemnul
The Shining One
Beogh

Shops:
D:1 [   D:5 [   Orc:1 :   Orc:2 *[=(

Portals:
Trove: D:14 (give 12 scrolls of teleportation)

Annotations:
D:3 3 runed translucent doors, waddelsworth's ghost, amateur TrSh
D:15 Kirke
Lair:5 Rupert


Innate Abilities, Weirdness & Mutations

You are a filthy swine.
You move quickly.
Your equipment is almost entirely melded.
You are incapable of wielding weapons or throwing items.
You cannot cast spells.
((You have a pair of horns on your head.))
((You reflexively headbutt those who attack you in melee.))


Message History

Kirke is severely wounded.
Kirke hits you!
You bite Kirke!
Kirke is severely wounded.
The lindwurm bites you!! The lindwurm misses you. The lindwurm claws you.
Kirke mumbles some strange words.
Kirke summons a manticore!
You barely miss Kirke.
Kirke is severely wounded.
The lindwurm breathes flames at you. The blast of flame hits you!!
Kirke hits you. The manticore bites you! The manticore closely misses you.
The manticore misses you.
You hit Kirke but do no damage.
Kirke is severely wounded.
The lindwurm closely misses you. The lindwurm claws you!
The lindwurm barely misses you. Kirke closely misses you.
The manticore misses you. The manticore claws you. The manticore claws you!
The lindwurm breathes flames at you. The blast of flame misses you.
You hit Kirke.
Kirke is severely wounded.
Kirke misses you. The manticore barely misses you. The manticore claws you.
* * * LOW HITPOINT WARNING * * *
The manticore barely misses you. The lindwurm bites you!!
* * * LOW HITPOINT WARNING * * *
The lindwurm completely misses you. The lindwurm misses you.
As you read the scroll of fear, it crumbles to dust.
You assume a fearsome visage.
The lindwurm looks frightened! x2
The manticore looks frightened!
Kirke resists with almost no effort.
Kirke hits you!
* * * LOW HITPOINT WARNING * * *
Kirke closely misses you.
You feel better. Kirke completely misses you.
You feel better. Kirke hits you!
* * * LOW HITPOINT WARNING * * *
Kirke hits you!
* * * LOW HITPOINT WARNING * * *
As you read the scroll of teleportation, it crumbles to dust.
You feel strangely unstable. Kirke hits you!
You die...

.......[#)..### #...≣...
.▓▓▓.▓▓.###...###...≣...
.k....▓H#####..##...≣...
▓▓.▓▓....).....##...≣...
...▓.▓.........#...≣...
...▓.......#.#...≣...
▓.▓.#######.....≣...
▓..†########....≣...
▓.▓h##.....#....≣...
...▓@##.....#....≣...
▓.▓ ▓†##.....##...≣...
...▓..†##.....##...≣...
..▓ ▓.▓.##.....##...≣.≣≣
.▓ ...▓.##..............
..▓ ▓.###.............
▓.▓ .k# #.............
... ▓.# #......####.##


You could see Kirke, a manticore (summoned, fleeing) and 2 lindwurms.

Vanquished Creatures
  An orc warlord (Orc:2)
  An ironbound thunderhulk (D:14)
  A rakshasa (D:15)
  Fannar (Lair:3)
  A vault guard (D:14)
  An ogre mage (D:15)
  2 catoblepae
  2 hydras
  3 centaur warriors
  2 boulder beetles
  9 two-headed ogres
  2 tengu warriors
  Urug (Orc:2)
  4 orc high priests (Orc:2)
  Sonja (Orc:2)
  Nergalle (Lair:2)
  8 skeletal warriors
  A glowing orange brain (D:15)
  Lodul (D:13)
  A bog body (Lair:2)
  A goliath frog (Lair:5)
  5 lindwurms
  A deep elf pyromancer (D:13)
  5 orc knights (Orc:2)
  2 oklob plants (Lair:5)
  4 orc sorcerers
  4 manticores
  3 cyclopes
  3 ugly things
  3 meliai (D:14)
  7 black mambas
  2 kobold blastminers (Orc:2)
  3 rust devils
  2 smoke demons
  A torpor snail (Lair:5)
  A rime drake (Lair:3)
  21 cane toads
  6 komodo dragons
  5 tengu conjurers
  3 red devils (D:14)
  8 trolls
  2 hellwings
  3 tyrant leeches
  Prince Ribbit (D:5)
  A hornet (D:9)
  22 blink frogs
  A dream sheep (shapeshifter) (D:14)
  Grinder (D:4)
  6 dream sheep (Lair:3)
  3 wraiths
  5 slime creatures
  3 ynoxinuls (D:14)
  2 wyverns
  6 hogs (D:15)
  A spriggan (shapeshifter) (D:14)
  42 yaks
  4 basilisks
  17 vampire mosquitoes
  3 steam dragons
  5 humans (D:14)
  3 wargs
  2 neqoxecs (D:14)
  An acid dragon (D:9)
  11 water moccasins
  2 sky beasts
  26 orc warriors
  4 black bears
  An ice beast (D:5)
  19 wolves
  14 ogres
  5 centaurs
  3 kobold brigands
  A phantom (D:6)
  27 bullfrogs
  6 scorpions
  12 gnoll sergeants
  3 electric eels (Lair:5)
  9 howler monkeys
  A bombardier beetle (D:4)
  10 hounds
  3 jellies
  16 orc priests
  11 gnoll boudas
  4 iguanas
  26 orc wizards
  5 hell rats (Lair:5)
  38 gnolls
  11 adders
  A shadow imp (D:6)
  4 dart slugs
  3 ribbon worms
  69 orcs
  7 endoplasms
  A giant cockroach (D:3)
  2 goblins (D:4)
  4 hobgoblins
  2 jackals (D:9)
  16 kobolds
  2 quokkas
  3 ball pythons
  8 bats
  4 frilled lizards
  9 rats
671 creatures vanquished.

Vanquished Creatures (others)
  A bog body (Lair:2)
  A rime drake (Lair:1)
2 creatures vanquished.

Grand Total: 673 creatures vanquished

Notes
Turn   | Place    | Note
-------+----------+-------------------------------------------
     0 | D:1      | Kenran the Minotaur Alchemist began the quest for the Orb.
     0 | D:1      | Reached XP level 1. HP: 14/14 MP: 1/1
   190 | D:1      | Reached skill level 1 in Unarmed Combat
   279 | D:1      | Found Hirrong's Antique Armour Shop.
   300 | D:1      | Reached XP level 2. HP: 20/20 MP: 3/3
   369 | D:1      | Reached skill level 2 in Unarmed Combat
   976 | D:2      | Found a bloodstained altar of Trog.
  1051 | D:2      | Reached skill level 3 in Unarmed Combat
  1051 | D:2      | Reached XP level 3. HP: 22/26 MP: 4/4
  1748 | D:3      | Found a runed translucent gate.
  1748 | D:3      | Found a runed translucent gate.
  1749 | D:3      | Found a runed translucent gate.
  1871 | D:3      | Reached skill level 4 in Unarmed Combat
  1871 | D:3      | Reached XP level 4. HP: 28/33 MP: 5/5
  1880 | D:3      | Noticed waddelsworth's ghost (amateur TrSh)
  1913 | D:3      | Found an ornate altar of the Wu Jian Council.
  1989 | D:3      | Noticed a spectral centipede
  1989 | D:3      | Noticed a spectral black mamba
  1989 | D:3      | Noticed a spectral cane toad
  1990 | D:3      | Became a worshipper of the Wu Jian Council
  2415 | D:3      | Found a stormy altar of Qazlal.
  2537 | D:4      | Reached skill level 5 in Unarmed Combat
  2542 | D:4      | Found a staircase to the Ecumenical Temple.
  2549 | D:4      | Reached XP level 5. HP: 35/38 MP: 6/6
  2568 | D:4      | Reached skill level 6 in Unarmed Combat
  2610 | D:4      | Reached XP level 6. HP: 45/45 MP: 7/7
  2652 | D:4      | Reached * piety under Wu Jian
  2847 | D:4      | Identified the +2 scale mail of Contentment {rN++ Stlth-}
  2871 | D:4      | Noticed Grinder
  2881 | D:4      | Paralysed by Grinder for 3 turns
  2887 | D:4      | Killed Grinder
  2888 | D:4      | Reached skill level 7 in Unarmed Combat
  3451 | D:5      | Entered Level 5 of the Dungeon
  3491 | D:5      | Reached skill level 8 in Unarmed Combat
  3491 | D:5      | Reached XP level 7. HP: 44/50 MP: 8/8
  3610 | D:5      | Found a glowing golden altar of the Shining One.
  3612 | D:5      | Noticed an angel
  3635 | D:5      | Found a basalt altar of Yredelemnul.
  3637 | D:5      | Noticed a profane servitor
  3683 | D:5      | Noticed Prince Ribbit
  3736 | D:5      | Reached skill level 9 in Unarmed Combat
  3770 | D:5      | Reached skill level 1 in Fighting
  3770 | D:5      | Reached skill level 1 in Armour
  3853 | D:5      | Killed Prince Ribbit
  3876 | D:5      | Reached XP level 8. HP: 63/63 MP: 9/9
  3932 | D:5      | Found an opulent altar of Gozag.
  3982 | D:5      | Found Bahram Gur's Dragon-Slaying Spoils.
  4203 | D:6      | Found a sacrificial altar of Ru.
  4276 | D:6      | Reached skill level 10 in Unarmed Combat
  4431 | D:5      | Reached ** piety under Wu Jian
  4432 | D:5      | Reached skill level 11 in Unarmed Combat
  4556 | D:6      | Reached XP level 9. HP: 71/71 MP: 10/10
  4829 | D:7      | Found a shimmering blue altar of Sif Muna.
  4897 | D:7      | Reached skill level 12 in Unarmed Combat
  5024 | D:7      | Reached skill level 5 in Fighting
  5076 | D:7      | Found a white marble altar of Elyvilon.
  5574 | D:8      | Found a flagged portal.
  5583 | Bailey   | Entered a bailey
  5907 | Bailey   | Reached skill level 1 in Evocations
  6049 | Bailey   | Reached *** piety under Wu Jian
  6308 | Bailey   | Reached XP level 10. HP: 88/88 MP: 11/11
  6651 | D:7      | Reached skill level 13 in Unarmed Combat
  6699 | D:8      | Found a roughly hewn altar of Beogh.
  6997 | D:8      | Found a shimmering altar of Xom.
  7408 | D:9      | Reached **** piety under Wu Jian
  7591 | D:9      | Reached skill level 14 in Unarmed Combat
  7667 | D:9      | Reached skill level 5 in Armour
  7928 | D:9      | Reached skill level 5 in Dodging
  7959 | D:9      | Noticed a two-headed ogre
  7976 | D:9      | Killed a two-headed ogre
  7981 | D:9      | Reached ***** piety under Wu Jian
  8330 | D:10     | Entered Level 10 of the Dungeon
  8338 | D:10     | Reached XP level 11. HP: 92/94 MP: 12/12
  8586 | D:10     | Identified the +4 ring mail "Inips" {Will+ Int+2 Dex-3}
  8597 | D:10     | Found a staircase to the Lair.
  9164 | Lair:1   | Entered Level 1 of the Lair of Beasts
  9176 | Lair:1   | Reached skill level 10 in Fighting
  9371 | Lair:1   | Reached skill level 15 in Unarmed Combat
  9970 | Lair:1   | Reached skill level 16 in Unarmed Combat
 10428 | D:5      | Bought +0 gold dragon scales for 880 gold pieces
 10614 | Lair:2   | Reached XP level 12. HP: 96/106 MP: 13/13
 10650 | Lair:2   | Reached skill level 10 in Armour
 10856 | Lair:2   | Reached ****** piety under Wu Jian
 11532 | Lair:3   | Noticed Nergalle
 11551 | Lair:2   | Killed Nergalle
 11702 | Lair:3   | Found a hole to the Spider Nest.
 11706 | Lair:3   | Found a staircase to the Swamp.
 11736 | Lair:3   | Noticed Fannar
 11894 | Lair:3   | Killed Fannar
 11915 | Lair:3   | Noticed a catoblepas
 11928 | Lair:3   | Killed a catoblepas
 12542 | D:1      | Bought a pair of glowing boots for 127 gold pieces
 12547 | D:1      | Bought a pair of gloves for 76 gold pieces
 13044 | Lair:4   | Reached XP level 13. HP: 100/116 MP: 14/14
 14261 | D:1      | Bought an embroidered cloak for 127 gold pieces
 14463 | Lair:5   | Entered Level 5 of the Lair of Beasts
 14505 | Lair:5   | Reached skill level 17 in Unarmed Combat
 14536 | Lair:5   | Noticed Rupert
 14626 | Lair:5   | Reached skill level 1 in Shields
 15036 | Lair:5   | Found a blossoming altar of Fedhas.
 15490 | Lair:5   | Identified the +2 flail of Wu Jian's Condemnation {flame,
                  | rPois MP+9}
 15534 | Lair:5   | Found a staircase to the Slime Pits.
 16232 | Lair:5   | Found a staircase to the Slime Pits.
 16355 | Lair:5   | HP: 6/122 [Rupert/+2 great mace of distortion (4)]
 16833 | D:11     | Reached skill level 5 in Shields
 16904 | D:11     | Identified the ring of Doegh {rPois Int+3 Dex+2 SInv}
 16918 | D:11     | Identified the +5 falchion of Vuel {venom, Will+ Dex+2}
 17488 | D:12     | Reached XP level 14. HP: 107/129 MP: 15/15
 17843 | D:12     | Reached skill level 15 in Armour
 18009 | D:12     | Found a staircase to the Orcish Mines.
 18333 | D:13     | Identified the +4 dagger of Vanity {antimagic, Int+4 Dex+3
                  | Stlth+}
 18383 | D:13     | Reached skill level 18 in Unarmed Combat
 18385 | D:13     | Noticed Lodul
 18403 | D:13     | Killed Lodul
 19808 | D:14     | Noticed an ironbound thunderhulk
 19895 | Orc:1    | Entered Level 1 of the Orcish Mines
 19925 | Orc:1    | Found a roughly hewn altar of Beogh.
 20149 | Orc:1    | Found Qijorodd's Book Shop.
 20216 | Orc:2    | Entered Level 2 of the Orcish Mines
 20216 | Orc:2    | Noticed Urug
 20231 | Orc:2    | Killed Urug
 20298 | Orc:2    | Reached skill level 15 in Fighting
 20577 | Orc:2    | Found a staircase to the Elven Halls.
 20702 | Orc:2    | Noticed Sonja
 20705 | Orc:2    | Killed Sonja
 20706 | Orc:2    | Reached skill level 19 in Unarmed Combat
 20750 | Orc:2    | Noticed an orc warlord
 20777 | Orc:2    | Killed an orc warlord
 20957 | Orc:2    | Reached XP level 15. HP: 143/143 MP: 16/16
 21188 | Orc:2    | Found Tech's General Store.
 21189 | Orc:2    | Found Xycaemij's Jewellery Boutique.
 21191 | Orc:2    | Found Lahuegiu's Antique Armour Boutique.
 21191 | Orc:2    | Found Turchuz's Antique Weapon Shop.
 21196 | Orc:2    | Bought a scroll of identify for 32 gold pieces
 21693 | D:14     | Found a gate to the Vaults.
 21792 | D:14     | Found a portal to a secret trove of treasure.
 21900 | D:15     | Entered Level 15 of the Dungeon
 22188 | D:15     | Reached skill level 20 in Unarmed Combat
 22359 | D:15     | Found a staircase to the Depths.
 22722 | D:15     | Noticed Kirke
 22749 | D:15     | Slain by Kirke

Illustrated notes

Levels and vault maps discovered:
D:1:      dpeg_cavernosity, layout_basic, serial_shops,
          nicolae_shop_tiny_waterfront
D:2:      layout_loops_ring, basic_altar, kennysheep_potato
D:3:      layout_basic, nicolae_qazlal_scattered_showers,
          pdpol_wu_jian_five_deadly_venoms, serial_glass, glass_columns_b,
          glass_columns_a, gammafunk_ghost_split
D:4:      layout_basic, minmay_temple_entry_arrows,
          chequers_serial_rivers_small_3, uniq_grinder
D:5:      layout_gridville, grunt_gozag_statues, grunt_temple_overflow_holy_war,
          nicolae_shop_dragon_depot, uniq_prince_ribbit1
D:6:      layout_rooms, nicolae_ru_awakened_eye, kennysheep_generic_room_6
D:7:      layout_rooms, amcnicky_altar_gilded, mainiacjoe_overflow_brackets,
          kb_lookout_dungeons_type, dreamdust_mushroom_princess
D:8:      layout_cave_pods, xom_teletrap_fun, enter_bailey_8, special_room
          [special_room_orc]
D:9:      layout_big_octagon, serial_gnoll_camp, gnoll_camp_mini_hut,
          gnoll_camp_mini_loothouse, gnoll_camp_mini_hut, gnoll_camp_mini_hut,
          gnoll_camp_medium_02, gnoll_camp_mini_house,
          eino_small_chamber_without_monster, minmay_joined_circles
D:10:     layout_stronghold, grunt_lair_entry_orc_guard_hut
D:11:     layout_gridville, minmay_lindwurm_lava
D:12:     layout_loops_cross, orc_0_dummy, serial_bayou_pond_a,
          nicolae_where_there's_smoke
D:13:     layout_loops_corners, lemuel_flamethrower_2, uniq_lodul
D:14:     layout_long_grid, hellmonk_vaults_keyhole, enter_trove_2,
          hangedman_decor_growths, serial_demonic, serial_demonic_c,
          serial_demonic_c, serial_demonic_g, serial_demonic_d
D:15:     gammafunk_enter_depths_forms, layout_basic, serial_shops,
          shop_fountains, nicolae_concentric_dashed_squares_mild, uniq_kirke
Lair:1:   layout_regular_city, grunt_megastairs_5, infiniplex_staircase_pool_2
Lair:2:   layout_regular_city, gauntlet_entry_generic
Lair:3:   layout_long_grid, skrybe_swamp_entry_bodies, dummy_spider_entry,
          uniq_fannar, uniq_nergalle
Lair:4:   layout_layer_cave, grunt_forest_small_clearings, lemuel_fruit_tree
Lair:5:   minmay_lair_end_frog_pond, layout_misc_corridors, slime_entry_1,
          chequers_serial_rivers_micro_d, chequers_serial_rivers_large_a,
          nicolae_quartered_pool_super, lemuel_oklob_altar, uniq_rupert
Orc:1:    layout_caves, basic_altar, serial_shops, nicolae_shop_hallway_plus
Orc:2:    st_orc_congregation, layout_caves, uniq_sonja, uniq_urug

Skill      XL: |  1  2  3  4  5  6  7  8  9 10 11 12 13 14 15 |
---------------+----------------------------------------------+-----
Unarmed Combat | 1 3 4 5 6 8 9 11 12 14 16 17 19 20 | 20.2
Fighting       | 3 4 8 10 11 13 15 16 | 16.0
Armour         | 3 4 8 9 13 14 16 | 16.3
Evocations     | 3 4 |  4.1
Dodging        | 5 |  5.0
Shields        | 5 |  5.0
Stealth        | |  1.5
Spellcasting   | |  1.3
Conjurations   | |  0.6
Alchemy        | |  2.1

Action                     |  1- 3 |  4- 6 |  7- 9 | 10-12 | 13-15 || total
---------------------------+-------+-------+-------+-------+-------++-------
  Melee: Unarmed           |    95 |   123 |   389 |   759 |  1427 ||  2793
         Headbutt          |    17 |    24 |    81 |   171 |   305 ||   598
         Punch             |       |     2 |    27 |    76 |     5 ||   110
   Cast: Sting             |     3 |       |       |       |       ||     3
 Invoke: Serpent's Lash    |       |       |       |       |     1 ||     1
Ability: Lunge             |       |     7 |    17 |    29 |   108 ||   161
         Whirlwind         |       |       |     4 |    18 |   256 ||   278
         Wall Jump         |       |       |       |       |     4 ||     4
  Evoke: Sack of spiders   |       |       |       |       |     1 ||     1
    Use: Scroll            |     2 |     1 |     6 |    11 |    15 ||    35
         Potion            |       |       |       |     3 |     6 ||     9
   Stab: Distracted        |       |       |       |       |     1 ||     1
 Armour: Plate armour      |    79 |    93 |       |       |       ||   172
         Robe              |     3 |       |       |       |       ||     3
         Scale mail        |       |     3 |   359 |   323 |       ||   685
         Gold dragon scale |       |       |       |   272 |  1015 ||  1287
         Skin              |       |       |       |       |    16 ||    16
  Dodge: Dodged            |    17 |    19 |   160 |   208 |   166 ||   570
  Block: Buckler           |       |       |       |       |   192 ||   192

Table legend: (Time is in decaauts)
 A = Elapsed time spent in this place.
 B = Non-inter-level travel time spent in this place.
 C = Inter-level travel time spent in this place.
 D = Time resting spent in this place.
 E = Time spent auto-exploring this place.
 F = Levels seen in this place.
 G = Mean time per level.
                   A        B        C        D        E       F      G
               +--------+--------+--------+--------+--------+-----+--------+
         Total |  22201 |  20120 |   2081 |   2491 |  12424 |  23 |  965.3 |
       Dungeon |  13190 |  11911 |   1279 |   1228 |   7814 |  15 |  879.3 |
          Lair |   6388 |   5696 |    692 |    844 |   3494 |   5 | 1277.6 |
  Orcish Mines |   1631 |   1522 |    109 |    119 |    961 |   2 |  815.5 |
        Bailey |    991 |    991 |      0 |    299 |    155 |   1 |  991.0 |
               +--------+--------+--------+--------+--------+-----+--------+

Top non-repeatable levels by time:
  Lair:4: 1785 daAuts
  Lair:5: 1404 daAuts
  Lair:1: 1301 daAuts
     D:1: 1163 daAuts
  Lair:2: 1153 daAuts
   Orc:2: 1107 daAuts
     D:4: 1078 daAuts
    D:14: 1057 daAuts
    D:13: 1054 daAuts
     D:9: 1020 daAuts
  Bailey: 991 daAuts
     D:2: 950 daAuts
    D:10: 926 daAuts
     D:8: 911 daAuts
    D:11: 836 daAuts
